 Dungeon Crawl Stone Soup version 0.31-a0-180-g519b7de00c (webtiles) character file.

Game seed: 1216116864087348178

114 innerfire43 the Trooper (level 4, -5/37 HPs)
             Began as a Demonspawn Monk on June 19, 2023.
             Slain by Terence
             ... wielding a +0 short sword
              (8 damage)
             ... on level 3 of the Dungeon.
             The game lasted 00:01:40 (1106 turns).

innerfire43 the Trooper (Demonspawn Monk)           Turns: 1106, Time: 00:01:41

Health: -5/37      AC:  2    Str: 13    XL:     4   Next: 67%
Magic:  13/13      EV: 13    Int: 12    God:
Gold:   94         SH:  0    Dex: 15    Spells: 3/3 levels left

rFire   . . .        k - +2 short sword (flame)
rCold   . . .        d - orb {light}
rNeg    . . .        b - +0 robe
rPois   .            (helmet restricted)
rElec   .            (no cloak)
rCorr   .            (no gloves)
SInv    .            (no boots)
Will    .....        (no amulet)
Stlth   +            e - ring of magical power
HPRegen 0.26/turn    (no ring)
MPRegen 0.13/turn

%: no passive effects
@: mighty, glowing
A: antennae 1, demonic magic 1
a: no special abilities


You were on level 3 of the Dungeon.
You visited 1 branch of the dungeon, and saw 4 of its levels.

You collected 94 gold pieces.

Inventory:

Hand Weapons
 a - a +0 spear
 k - a +2 short sword of flaming (weapon)
Armour
 b - a +0 robe (worn)
 d - an orb of light (worn)
Jewellery
 e - a ring of magical power (left hand)
Scrolls
 f - 2 scrolls of identify {unknown}
 i - a scroll of fear {unknown}
 j - a scroll of poison {unknown}
Potions
 g - a potion of might


   Skills:
 + Level 3.9 Fighting
 * Level 1.5 Short Blades
 - Level 3.2 Polearms
 + Level 3.5 Dodging


You had 3 spell levels left.
You didn't know any spells.
Your spell library was empty.

Dungeon Overview and Level Annotations

Branches:
Dungeon (4/15)
 Temple: D:4-7

Altars:

Annotations:
D:3 Terence


Innate Abilities, Weirdness & Mutations

You have a pair of small antennae on your head.
Spells you cast may paralyse adjacent enemies.


Message History

You hit Terence but do no damage.
The frilled lizard hisses.
The frilled lizard bites you. The orc hits you with a +0 whip.
Terence barely misses you.
You hit Terence but do no damage.
The frilled lizard bites you but does no damage.
The orc closely misses you. Terence hits you with a +0 short sword.
* * * LOW HITPOINT WARNING * * *
You hit Terence but do no damage.
The frilled lizard bites you but does no damage.
Terence misses you. The orc hits you but does no damage.
It was a potion of might.
You feel very mighty all of a sudden. The frilled lizard barely misses you.
The orc hits you but does no damage. Terence hits you with a +0 short sword.
* * * LOW HITPOINT WARNING * * *
It was a potion of curing.
You feel better. The frilled lizard bites you.
* * * LOW HITPOINT WARNING * * *
The orc barely misses you. Terence barely misses you.
You hit Terence but do no damage. The frilled lizard barely misses you.
The orc hits you with a +0 whip.
* * * LOW HITPOINT WARNING * * *
Terence closely misses you.
You hit Terence. You burn Terence.
Terence is lightly wounded.
The frilled lizard misses you. Terence completely misses you.
The orc closely misses you.
You hit Terence but do no damage.
Terence is lightly wounded.
The frilled lizard barely misses you. Terence hits you with a +0 short sword.
* * * LOW HITPOINT WARNING * * *
The orc hits you with a +0 whip.
* * * LOW HITPOINT WARNING * * *
You hit Terence but do no damage.
Terence is lightly wounded.
The orc misses you.
The frilled lizard bites you but does no damage.
Terence screams, "I want your blood!" Terence hits you with a +0 short sword!
You die...

.......
#####.......
.........).
#........
#.......
#.....# #.o@l.#
#..@..#
..###.....#
......)...#
#########..# .
. ####..#
#.###. ##.....#
#.....##..###.#
#....>.####.#
#.#.........#


You could see Terence, an orc and a frilled lizard.

Vanquished Creatures
  A hound (D:4)
  An iguana (D:4)
  2 adders (D:4)
  3 dart slugs (D:1)
  2 ball pythons (D:1)
  4 endoplasms
  2 giant cockroaches (D:1)
  4 goblins
  5 hobgoblins
  2 quokkas (D:1)
  3 bats (D:1)
  A frilled lizard (D:1)
  3 kobolds
  A rat (D:1)
34 creatures vanquished.

Vanquished Creatures (others)
  A butterfly (D:4)
1 creature vanquished.

Grand Total: 35 creatures vanquished

Notes
Turn   | Place    | Note
-------+----------+-------------------------------------------
     0 | D:1      | innerfire43 the Demonspawn Monk began the quest for the
                  | Orb.
     0 | D:1      | Reached XP level 1. HP: 18/18 MP: 1/1
   119 | D:1      | Gained mutation: You have a pair of small antennae on your
                  | head. [demonic ancestry]
   119 | D:1      | Reached XP level 2. HP: 17/24 MP: 2/2
   737 | D:1      | Reached XP level 3. HP: 29/29 MP: 3/3
   864 | D:2      | You fall into a shaft and drop 2 floors!
   995 | D:4      | Reached skill level 1 in Short Blades
   995 | D:4      | Gained mutation: Spells you cast may paralyse adjacent
                  | enemies. [demonic ancestry]
   995 | D:4      | Reached XP level 4. HP: 37/37 MP: 4/4
  1088 | D:3      | Noticed Terence
  1106 | D:3      | Slain by Terence

Illustrated notes

Levels and vault maps discovered:
D:1:      dpeg_arrival_round_a, layout_rooms, bh_walls_and_bars
D:2:      cheibrodos_old_hovel, layout_loops_ring,
          hellmonk_ecumenical_altar_run_dry, minmay_randomly_rotated_circles
D:3:      layout_basic, chequers_temple_overflow_minitemple, serial_shops,
          nicolae_shop_gaudy_bauble, nicolae_underground_beach, uniq_terence
D:4:      layout_loops_ring, amethyst_overflow_temple_binary,
          makhleb_altar_promises_db, nicolae_elyvilon_peaceful_grove,
          hangedman_glass_teeth, uniq_crazy_yiuf_cottage

Skill      XL: |  1  2  3 |
---------------+----------+-----
Polearms       | 3 |  3.2
Dodging        | 3 |  3.5
Short Blades   | 1 |  1.5
Fighting       | |  3.9

Action                     |  1- 3 |  4- 6 || total
---------------------------+-------+-------++-------
  Melee: Spear             |    98 |       ||    98
         Short sword       |    13 |    33 ||    46
    Use: Potion            |     1 |     2 ||     3
 Armour: Robe              |     9 |    10 ||    19
  Dodge: Dodged            |    62 |    29 ||    91

Table legend: (Time is in decaauts)
 A = Elapsed time spent in this place.
 B = Non-inter-level travel time spent in this place.
 C = Inter-level travel time spent in this place.
 D = Time resting spent in this place.
 E = Time spent auto-exploring this place.
 F = Levels seen in this place.
 G = Mean time per level.
                   A        B        C        D        E       F      G
               +--------+--------+--------+--------+--------+-----+--------+
         Total |   1097 |   1097 |      0 |      0 |    826 |   4 |  274.2 |
       Dungeon |   1097 |   1097 |      0 |      0 |    826 |   4 |  274.2 |
               +--------+--------+--------+--------+--------+-----+--------+

Top non-repeatable levels by time:
     D:1: 782 daAuts
     D:4: 207 daAuts
     D:2: 77 daAuts
     D:3: 30 daAuts
